Map: Pillars of Gold LE

Players

INnoVation - Winner!

  • Race: Terran Terran
  • Spawn Location: 7:00

ShoWTimE

  • Race: Protoss Protoss
  • Spawn Location: 1:00

Event: StayAtHomestory Cup #2

VOD

Have the link to the VOD?

Description

Time

  • Played on: June 13, 2020, 5:13 a.m.
  • Length: 6:51

All games in this series

Show
View Real Time Build Order
Export as new Build Order

INnoVation Terran - Winner!

Build Orders: Reaper Expand 

Get SALT Encoding   

  12  0:00  SCV  
  13  0:12  SCV  
  14  0:18  Supply Depot  
  14  0:25  SCV  
  15  0:39  SCV  
  15  0:40  Barracks  
  16  0:45  Refinery  
  16  0:51  SCV  
  17  1:03  SCV  
  18  1:15  SCV  
  19  1:28  Orbital Command  
  19  1:29  Reaper  
  20  1:47  Command Center  
  20  1:53  SCV  
  21  1:56  Supply Depot  
  21  2:01  Marine  
  21  2:06  SCV  
  23  2:10  Factory  
  23  2:18  SCV  
  23  2:19  Refinery  
  24  2:24  Barracks Reactor  
  24  2:30  Bunker  
  24  2:31  SCV  
  25  2:43  SCV  
  26  2:55  SCV, Starport  
  26  2:58  Factory Tech Lab  
  27  2:59  Orbital Command  
  27  3:01  Marine  
  27  3:03  Marine  
  29  3:07  SCV  
  30  3:20  SCV  
  30  3:21  Marine  
  30  3:22  Barracks, Marine  
  30  3:26  SCV  
  34  3:33  SCV  
  35  3:34  Barracks  
  35  3:38  Raven  
  37  3:43  SCV  
  37  3:45  SCV  
  37  3:47  Marine x2  
  41  3:48  Factory Tech Lab  
  41  3:55  Supply Depot  
  41  3:57  SCV x2  
  41  4:02  Engineering Bay  
  43  4:09  SCV x2  
  45  4:10  Marine  
  45  4:14  Refinery  
  45  4:16  Marine  
  47  4:18  Supply Depot  
  47  4:19  Stimpack  
  47  4:25  SCV x2  
  47  4:29  Starport Reactor, Terran Infantry Weapons Level 1  
  49  4:34  Marine x2  
  49  4:38  SCV x2  
  51  4:41  Marauder x2  
  51  4:45  Supply Depot  
  56  4:47  Factory Reactor  
  56  4:52  Marine x2  
  58  4:53  SCV x2  
  58  4:57  Supply Depot  
  60  5:01  Refinery, Combat Shield  
  60  5:05  SCV x2  
  62  5:10  Marauder x2  
  62  5:13  Marine x2  
  68  5:18  Supply Depot  
  68  5:20  SCV x2  
  70  5:22  Medivac  
  70  5:25  Medivac  
  74  5:31  Marine x2  
  74  5:33  Supply Depot  
  74  5:35  Widow Mine  
  78  5:39  Widow Mine  
  78  5:41  Marauder x2  
  84  5:44  Supply Depot  
  84  5:46  SCV x2  
  86  5:57  Supply Depot  
  86  5:58  Marine  
  86  5:59  Marine, Concussive Shells  
  86  6:00  Widow Mine  
  86  6:02  Marauder  
  86  6:03  Marauder  
  94  6:06  Widow Mine  
  94  6:07  Medivac  
  94  6:08  Supply Depot  
  94  6:10  Medivac  
  100  6:21  Supply Depot  
  100  6:28  Marine x2, Marauder x2  
  102  6:44  Command Center  
Show
View Real Time Build Order
Export as new Build Order

ShoWTimE Protoss 

Build Orders: 1 Gate Expand, Blink Stalkers 

Get SALT Encoding   

  12  0:01  Probe  
  13  0:13  Probe  
  14  0:18  Pylon  
  14  0:24  Probe  
  15  0:32  Probe  
  15  0:39  Gateway  
  15  0:40  Probe  
  16  0:49  Assimilator  
  17  0:51  Probe  
  18  1:03  Probe  
  19  1:15  Probe  
  20  1:26  Cybernetics Core  
  20  1:35  Nexus  
  20  1:37  Probe  
  21  1:47  Pylon  
  21  1:50  Probe  
  21  1:53  Assimilator  
  22  1:55  Adept  
  22  2:02  Probe  
  22  2:06  Warp Gate  
  25  2:14  Probe  
  26  2:15  Stalker  
  26  2:26  Probe  
  29  2:38  Probe  
  29  2:43  Twilight Council  
  30  2:45  Probe  
  30  2:47  Stalker  
  30  2:50  Probe  
  30  2:51  Blink  
  34  2:53  Probe  
  35  3:02  Probe  
  35  3:03  Probe  
  37  3:09  Gateway  
  37  3:14  Probe  
  37  3:15  Probe  
  39  3:26  Probe  
  40  3:27  Probe  
  40  3:28  Pylon  
  40  3:33  Robotics Facility  
  41  3:39  Probe  
  41  3:40  Probe  
  43  3:51  Probe  
  43  3:52  Probe  
  43  3:56  Sentry  
  43  4:00  Nexus  
  45  4:04  Probe  
  45  4:05  Pylon  
  45  4:06  Probe  
  47  4:10  Stalker  
  47  4:13  Assimilator  
  49  4:18  Pylon  
  49  4:19  Probe x2  
  49  4:22  Observer  
  52  4:31  Probe  
  53  4:32  Probe  
  53  4:36  Stalker x2  
  58  4:42  Gateway  
  58  4:43  Probe  
  58  4:44  Gateway  
  59  4:45  Probe  
  59  4:46  Observer, Charge  
  59  4:50  Phoenix  
  61  4:53  Forge  
  61  4:55  Probe  
  61  4:58  Probe  
  63  5:06  Observer  
  63  5:07  Probe  
  63  5:09  Observer  
  63  5:10  Probe  
  63  5:13  Probe  
  67  5:20  Gateway  
  67  5:21  Sentry  
  69  5:22  Gateway  
  69  5:23  Probe  
  68  5:37  Probe x2  
  68  5:38  Immortal, Probe, Gateway  
  68  5:41  Gateway  
  71  5:47  Pylon  
  75  5:54  Shield Battery  
  75  5:55  Pylon  
  75  5:58  Probe  
  76  6:07  Sentry, Zealot x3  
  76  6:08  Photon Cannon  
  84  6:16  Probe, Assimilator  
  84  6:18  Probe  
  90  6:19  Probe  
  90  6:22  Shield Battery  
  91  6:27  Zealot x2  
  91  6:30  Zealot  
  81  6:34  Zealot x2  
  81  6:38  Zealot x2  
  80  6:42  Zealot  
Tags
 
Add a new tag
Caveats
  • Supply blocks, unpowered buildings, or Contaminate may cause inaccurate times.
  • Supply counts are checked every 10 seconds.